 Dungeon Crawl Stone Soup version 0.27.0-1-g7a089689b8 (webtiles) character file.

Game seed: 12490494074135590550

16 jaja the Skirmisher (level 2, -3/27 HPs)
             Began as a Hill Orc Fighter on Aug 17, 2021.
             Was an Initiate of Gozag.
             Slain by a gnoll (13 damage)
             ... on level 2 of the Dungeon.
             The game lasted 00:10:49 (893 turns).

jaja the Skirmisher (Hill Orc Fighter)               Turns: 893, Time: 00:11:02

Health: -3/27      AC:  6    Str: 18    XL:     2   Next: 58%
Magic:  2/2        EV:  7    Int:  8    God:    Gozag
Gold:   49         SH:  9    Dex: 10    Spells: 1/1 levels left

rFire    . . .     SeeInvis .   a - +0 flail
rCold    . . .     Faith    .   c - +0 kite shield
rNeg     . . .     Spirit   .   b - +0 scale mail
rPois    .         Reflect  .   (no helmet)
rElec    .         Harm     .   (no cloak)
rCorr    .         Rampage  .   (no gloves)
Will     .....                  (no boots)
Stlth    ..........             (no amulet)
HPRegen  0.09/turn              (no ring)
MPRegen  0.08/turn              (no ring)

@: no status effects
A: no striking features
a: Renounce Religion, Potion Petition, Call Merchant, Bribe Branch


You were on level 2 of the Dungeon.
You worshipped Gozag.
Gozag was noncommittal.
You visited 1 branch of the dungeon, and saw 2 of its levels.

You collected 49 gold pieces.

Inventory:

Hand Weapons
 a - a +0 flail (weapon)
Missiles
 e - 15 poisoned darts (quivered)
 f - 28 stones
Armour
 b - a +0 scale mail (worn)
 c - a +0 kite shield (worn)
 g - a +0 leather armour
Potions
 d - a potion of might


   Skills:
 + Level 4.0 Fighting
 + Level 2.3 Maces & Flails
 + Level 3.5 Armour
 + Level 0.2 Dodging
 + Level 3.4 Shields


You had one spell level left.
You didn't know any spells.
Your spell library was empty.

Dungeon Overview and Level Annotations

Branches:
Dungeon (2/15)

Altars:
Gozag


Message History

Unknown command.
Unknown command.
Press: ? - help, v - describe, . - travel The floor.
Unknown command.
There is a stone staircase leading down here.
Unknown command.
There are no items here.
There is a stone staircase leading down here.
You climb downwards.
A rat and a gnoll come into view.
The gnoll shouts!
There is a stone staircase leading up here.
A gnoll comes into view. It is wielding a +0 spear.
A gnoll comes into view. It is wielding a +0 halberd.
The gnoll shouts!
The rat bites you but does no damage.
You hit the rat.
You kill the rat!
The gnoll is distracted by your dazzling golden aura.
You see here 3 gold pieces.
The gnoll is no longer distracted by gold.
The gnoll hits you but does no damage.
You thump the gnoll!
The gnoll is severely wounded.
The gnoll hits you from afar with a +0 halberd.
The gnoll hits you but does no damage. The gnoll barely misses you.
You block the gnoll's attack.
You hit the gnoll.
The gnoll is moderately wounded.
You block the gnoll's attack. x2; The gnoll closely misses you.
The gnoll hits you from afar with a +0 spear.
The gnoll barely misses you.
You barely miss the gnoll.
The gnoll is moderately wounded.
The gnoll hits you with a +0 halberd. The gnoll hits you but does no damage.
The gnoll hits you with a +0 spear. The gnoll hits you with a +0 halberd!
You die...
Your body crumbles into a pile of gold.

# #.##########
#......$..<#
###.....g.##+##
+....@g......
#............
#....g........
#.............
#.............
#.............
#............
#.......#####


You could see 3 gnolls.

Vanquished Creatures
  A ball python (D:1)
  An endoplasm (D:1)
  3 hobgoblins (D:1)
  2 jackals (D:1)
  3 bats (D:1)
  3 frilled lizards (D:1)
  3 rats
  2 bushes (D:1)
18 creatures vanquished.

Notes
Turn   | Place    | Note
-------+----------+-------------------------------------------
     0 | D:1      | jaja the Hill Orc Fighter began the quest for the Orb.
     0 | D:1      | Reached XP level 1. HP: 19/19 MP: 1/1
   115 | D:1      | Reached XP level 2. HP: 8/27 MP: 2/2
   116 | D:1      | Reached skill level 4 in Fighting
   251 | D:1      | Found a faded altar of an unknown god.
   258 | D:1      | Became a worshipper of Gozag Ym Sagoz the Greedy
   893 | D:2      | Slain by a gnoll

Illustrated notes

Levels and vault maps discovered:
D:1:      wander_arrival_chamber, layout_rooms, ebering_ecumenical_altar_hall,
          serial_park_tiny_1
D:2:      layout_basic, serial_shops, nicolae_lakefront_shop, serial_forest,
          infiniplex_forest_lined_corner, infiniplex_forest_clump_tiny,
          infiniplex_forest_clump_tiny, infiniplex_forest_clump_large,
          infiniplex_forest_straight_2, roderic_lattice_a

Skill      XL: |  1  2 |
---------------+-------+-----
Fighting       | 4 |  4.0
Maces & Flails | |  2.3
Armour         | |  3.5
Dodging        | |  0.2
Shields        | |  3.4

Action                   || total
-------------------------++-------
Melee: Flail             ||   173
Armor: Scale mail        ||    54
Dodge: Dodged            ||    33
Block: Kite shield       ||    49
